 Dungeon Crawl Stone Soup version 0.26-a0-1013-gf6ffb0d6bd (webtiles) character file.

Game seed: 7984966004001953089

39686 lastplaneout the Brawler (level 13, 0/120 HPs)
             Began as a Troll Berserker on Dec 8, 2020.
             Was the Champion of Trog.
             Slain by Snorg (2 damage)
             ... while petrified by you
             ... on level 6 of the Lair of Beasts.
             The game lasted 00:38:19 (14675 turns).

lastplaneout the Brawler (Troll Berserker)         Turns: 14675, Time: 00:38:20

Health: 0/120      AC: 22    Str: 31    XL:     13   Next: 70%
Magic:  12/12      EV:  1    Int:  3    God:    Trog [******]
Gold:   1031       SH:  0    Dex: 10    Spells: 12/12 levels left

rFire    . . .     SeeInvis .     - Unarmed
rCold    . . .     Faith    .   (no shield)
rNeg     + + +     Spirit   .   C - +1 swamp dragon scales
rPois    ∞         Reflect  +   (helmet restricted)
rElec    .         Harm     .   J - +2 cloak {rCorr}
rCorr    +         Rampage  .   (gloves unavailable)
Will     .....                  (boots unavailable)
Stlth    ..........             i - amulet of reflection
HPRegen  0.70/turn              b - ring of poison resistance
MPRegen  0.13/turn              u - +4 ring of protection

@: petrified, studying Crossbows
A: large, unfitting armour, claws 3, regeneration 1, shaggy fur 1, tough skin 3
a: Berserk, Trog's Hand, Brothers in Arms, Renounce Religion


You were on level 6 of the Lair of Beasts.
You worshipped Trog.
Trog was exalted by your worship.
You visited 2 branches of the dungeon, and saw 16 of its levels.

You collected 1031 gold pieces.

Inventory:

Hand Weapons
 x - the +6 mace "Widowermaker" {drain, Str+2}
   (You found it on level 6 of the Dungeon)

   A truly terrible weapon, it drains the life of those it strikes.
   It affects your strength (+2).
 y - a +2 quarterstaff of chaos
 G - a +3 morningstar of venom
 S - the +3 short sword "Bari Zeck" {vorpal, *Corrode rPois rF- Stlth+, unknown}
   (Trog gifted it to you on level 2 of the Lair of Beasts)

   It inflicts extra damage upon your enemies.
   It makes you vulnerable to fire.
   It protects you from poison.
   It may corrode you when you take damage.
   It makes you more stealthy.
Missiles
 v - 110 stones
Armour
 q - +0 steam dragon scales
 C - +1 swamp dragon scales (worn)
 J - a +2 cloak of preservation (worn)
 L - a scarf of harm
Jewellery
 b - a ring of poison resistance (left claw)
 e - an uncursed ring of see invisible
 h - the ring "Piylian" {rC+ Stlth-}
   (You found it on level 4 of the Dungeon)

   [ring of attention]

   It protects you from cold.
   It makes you less stealthy.
 i - an amulet of reflection (around neck)
 u - a +4 ring of protection (right claw)
 z - an uncursed ring of stealth
 F - an uncursed amulet of guardian spirit
 N - an uncursed ring of ice
 V - an uncursed ring of protection from fire
Wands
 t - a wand of iceblast (52)
 A - a wand of enslavement (8)
 K - a wand of flame (41)
 Q - a wand of polymorph (8)
Scrolls
 c - a scroll of blinking
 g - 7 scrolls of teleportation
 k - a scroll of immolation
 m - 3 scrolls of enchant weapon
 n - 11 scrolls of remove curse
 w - 3 scrolls of magic mapping
 P - 2 scrolls of enchant armour
Potions
 d - 9 potions of curing
 f - 3 potions of invisibility
 j - 6 potions of might
 l - 3 potions of attraction
 o - 2 potions of lignification
 B - 2 potions of flight {unknown}
 D - 3 potions of mutation {unknown}
 E - 2 potions of magic {unknown}
 H - 11 potions of ambrosia
 I - a potion of resistance {unknown}
 M - a potion of berserk rage {unknown}
 R - 2 potions of cancellation {unknown}
Books
 T - a manual of Crossbows


   Skills:
 + Level 6.2 Fighting
 + Level 8.7 Maces & Flails
 + Level 10.7 Armour
 + Level 5.3 Dodging
 - Level 1.7 Shields
 + Level 15.2 Unarmed Combat


You had 12 spell levels left.
You didn't know any spells.
Your spell library was empty.

Dungeon Overview and Level Annotations

Branches:
Dungeon (10/15)            Temple (0/1) D:7            Lair (6/6) D:8
 Shoals (0/4) Lair:2        Snake (0/4) Lair:2        Slime (0/5) Lair:5
    Orc: D:9-12

Altars:
Ashenzari
Cheibriados
Fedhas
Hepliaklqana
Makhleb
Nemelex Xobeh
Ru
Sif Muna
Trog
Xom
Yredelemnul

Shops:
D:9 *

Annotations:
Lair:5 exclusion: oklob plant
Lair:6 Snorg


Innate Abilities, Weirdness & Mutations

You are too large for most types of armour.
You have claws for hands.
Your natural rate of healing is unusually fast.
You are covered in fur. (AC +1)
You have extremely tough skin. (AC +3)


Message History

Snorg bites you. Snorg claws you but does no damage. x2
The catoblepas gores you!
* * * LOW HITPOINT WARNING * * *
The cane toad is engulfed in calcifying dust.
The black mamba bites you but does no damage.
You are engulfed in calcifying dust.
The cane toad is engulfed in calcifying dust.
The black mamba completely misses you. Snorg bites you.
* * * LOW HITPOINT WARNING * * *
Snorg claws you but does no damage. Snorg claws you!
* * * LOW HITPOINT WARNING * * *
The catoblepas gores you but does no damage.
The cane toad is engulfed in calcifying dust.
The black mamba barely misses you.
The cane toad is no longer petrified.
The cane toad is engulfed in calcifying dust.
The cane toad is moving more slowly.
The cane toad stings you!
* * * LOW HITPOINT WARNING * * *
Snorg bites you but does no damage. Snorg claws you.
You die...

..#... ##...#.
.......#..... ....
.....P#....## ....
##....#..P..# .....
#..<......PP# ....
#...#.#...##... ..
#.#.#.#.#F#.#.#.#....
........T@S..........
#.#.#.#.#Y#.#<#.#....
......S...........
#.#.#.#.#.#.#.#....
....................
#.#.#.#.#.#.#.#.#....
....#...###.#.###....
P. .P... #...# ...
... ..


You could see Snorg, a catoblepas, 2 black mambas and a cane toad (petrifying).

Vanquished Creatures
  The ghost of Seuckyum the Blocker, a journeyman GnFi of Uskayaw (Lair:2)
  The ghost of Kotami the Carver, a journeyman OpFi of Dithmenos (Lair:2)
  The ghost of Junaliek the Protected, a journeyman MiFi of Okawaru (Lair:2)
  The ghost of ringo67 the Cleaver, a journeyman PaAK of Lugonu (D:9)
  4 hydras
  A catoblepas (Lair:4)
  A deep elf mage (D:10)
  2 black mambas
  Maurice (D:10)
  A merfolk siren (Lair:2)
  7 cane toads
  14 elephants
  3 rime drakes
  7 komodo dragons
  Maggie (D:10)
  2 queen bees
  A meliai (D:9)
  A hornet (D:9)
  A polar bear (Lair:3)
  Prince Ribbit (D:6)
  27 blink frogs
  4 dream sheep (Lair:4)
  33 yaks
  2 wyverns
  A steam dragon (Lair:3)
  2 basilisks
  2 nagas (Lair:2)
  14 water moccasins
  A soldier ant (D:10)
  An eye of draining (D:9)
  3 ice beasts
  An orc warrior (D:6)
  A necrophage (D:7)
  3 phantoms
  5 sky beasts
  8 ogres
  14 wolves
  4 centaurs
  19 bullfrogs
  2 big kobolds
  2 scorpions
  33 killer bees
  9 wights
  2 howler monkeys
  A quasit (D:9)
  3 bullfrog zombies
  2 jellies
  Crazy Yiuf (D:6)
  2 centaur skeletons
  3 orc priests
  An iron imp (D:9)
  5 orc wizards
  2 bullfrog skeletons
  A gnoll shaman (D:4)
  2 iguanas
  6 hell rats (Lair:3)
  9 worker ants
  A hound zombie (D:6)
  A hound skeleton (D:9)
  A worker ant zombie (D:4)
  3 gnolls
  10 adders
  A shadow imp (D:8)
  3 white imps
  An ufetubus (D:6)
  An adder zombie (D:9)
  4 worms
  4 dart slugs
  3 leopard geckos
  27 orcs
  4 giant cockroaches
  7 goblins
  9 hobgoblins
  A jackal (D:3)
  6 quokkas
  A ball python (D:2)
  7 bats
  3 frilled lizards
  A jackal zombie (D:5)
  13 kobolds
  A leopard gecko skeleton (D:6)
  8 rats
  A bush (Lair:1)
405 creatures vanquished.

Vanquished Creatures (others)
  26 fungi
  23 plants
  2 withered plants (Lair:2)
51 creatures vanquished.

Grand Total: 456 creatures vanquished

Notes
Turn   | Place    | Note
-------+----------+-------------------------------------------
     0 | D:1      | lastplaneout the Troll Berserker began the quest for the
                  | Orb.
     0 | D:1      | Reached XP level 1. HP: 22/22 MP: 0/0
   196 | D:1      | Reached XP level 2. HP: 29/29 MP: 1/1
   287 | D:1      | Reached skill level 4 in Unarmed Combat
   650 | D:2      | Reached ** piety under Trog
   717 | D:2      | Reached XP level 3. HP: 36/36 MP: 2/2
   779 | D:2      | Found a faded altar of an unknown god.
  1321 | D:3      | Reached XP level 4. HP: 44/44 MP: 3/3
  1336 | D:3      | Reached skill level 5 in Unarmed Combat
  1359 | D:3      | You fall into a shaft and drop 1 floor!
  1839 | D:3      | Reached *** piety under Trog
  2069 | D:4      | Reached XP level 5. HP: 40/50 MP: 4/4
  2107 | D:4      | Got a coiled copper ring
  2268 | D:4      | Reached skill level 6 in Unarmed Combat
  2277 | D:4      | Found a sacrificial altar of Ru.
  2579 | D:4      | Found a sparkling altar of Nemelex Xobeh.
  2660 | D:4      | Noticed an ogre
  2668 | D:4      | Killed an ogre
  2669 | D:4      | Reached skill level 7 in Unarmed Combat
  2669 | D:4      | Reached XP level 6. HP: 59/59 MP: 5/5
  2817 | D:5      | Entered Level 5 of the Dungeon
  2836 | D:4      | Reached XP level 7. HP: 28/66 MP: 6/6
  2841 | D:4      | Reached skill level 8 in Unarmed Combat
  2973 | D:5      | Reached skill level 1 in Shields
  3065 | D:5      | Reached skill level 9 in Unarmed Combat
  3124 | D:5      | Identified the ring "Piylian" {rC+ Stlth-} (You found it on
                  | level 4 of the Dungeon)
  3172 | D:5      | Reached **** piety under Trog
  3178 | D:5      | Found a bloodstained altar of Trog.
  3286 | D:5      | Reached XP level 8. HP: 61/74 MP: 7/7
  3546 | D:6      | Reached skill level 10 in Unarmed Combat
  3558 | D:6      | Found a hazy altar of Hepliaklqana.
  3752 | D:6      | Noticed Prince Ribbit
  3776 | D:6      | Reached skill level 11 in Unarmed Combat
  3779 | D:6      | Killed Prince Ribbit
  4014 | D:6      | Got a translucent mace
  4021 | D:6      | Found a runed translucent door.
  4022 | D:6      | Noticed Crazy Yiuf
  4027 | D:6      | Killed Crazy Yiuf
  4037 | D:6      | Identified the +6 mace "Widowermaker" {drain, Str+2} (You
                  | found it on level 6 of the Dungeon)
  4225 | D:7      | Reached XP level 9. HP: 77/80 MP: 8/8
  4382 | D:7      | Found a blossoming altar of Fedhas.
  4482 | D:7      | Reached skill level 12 in Unarmed Combat
  4486 | D:7      | Reached skill level 1 in Maces & Flails
  4655 | D:7      | Reached ***** piety under Trog
  5014 | D:7      | Found a staircase to the Ecumenical Temple.
  5677 | D:8      | Found a staircase to the Lair.
  6021 | D:8      | Reached skill level 5 in Maces & Flails
  6028 | D:8      | Found a broken altar of Ashenzari.
  6040 | D:8      | Found a burning altar of Makhleb.
  6043 | D:8      | Found a shimmering blue altar of Sif Muna.
  6152 | D:8      | Found a basalt altar of Yredelemnul.
  6510 | D:9      | HP: 6/126 [killer bee (4)]
  6515 | D:9      | HP: 5/126 [poisoned by a killer bee]
  6521 | D:9      | Reached XP level 10. HP: 8/92 MP: 9/9
  6686 | D:9      | Found a shimmering altar of Xom.
  6811 | D:9      | Found a snail-covered altar of Cheibriados.
  6848 | D:9      | Found Cayckiq's Island Escapes.
  6889 | D:9      | Received a gift from Trog
  6989 | D:9      | Found a transporter.
  6990 | D:9      | Found a transporter.
  6992 | D:9      | Noticed ringo67's ghost (journeyman PaAK)
  7704 | D:9      | Killed ringo67's ghost
  7950 | D:10     | Entered Level 10 of the Dungeon
  8095 | D:10     | Noticed Maurice
  8153 | D:10     | Noticed Maggie
  8167 | D:10     | Killed Maurice
  8178 | D:10     | Killed Maggie
  8179 | D:10     | Reached skill level 5 in Fighting
  8299 | D:10     | Noticed a deep elf mage
  8307 | D:10     | Killed a deep elf mage
  8308 | D:10     | Reached skill level 1 in Armour
  8308 | D:10     | Reached XP level 11. HP: 65/102 MP: 10/10
  8548 | Lair:1   | Entered Level 1 of the Lair of Beasts
  8548 | Lair:1   | Noticed a seven-headed hydra
  8559 | Lair:1   | Killed a seven-headed hydra
  8972 | Lair:1   | Reached skill level 5 in Armour
  9919 | Lair:2   | Noticed a six-headed hydra
  9955 | Lair:2   | Killed a six-headed hydra
 10012 | Lair:2   | Found a runed translucent gate.
 10012 | Lair:2   | Found a runed translucent gate.
 10012 | Lair:2   | Found a runed translucent gate.
 10038 | Lair:2   | Found a staircase to the Snake Pit.
 10138 | Lair:2   | Reached XP level 12. HP: 111/111 MP: 11/11
 10376 | Lair:2   | Found a staircase to the Shoals.
 10417 | Lair:2   | You fall into a shaft and drop 2 floors!
 10417 | Lair:4   | Noticed a catoblepas
 10424 | Lair:4   | Killed a catoblepas
 10673 | Lair:3   | Noticed an eight-headed hydra
 10685 | Lair:3   | Reached skill level 10 in Armour
 10691 | Lair:3   | Killed an eight-headed hydra
 11375 | Lair:2   | Received a gift from Trog
 11376 | Lair:2   | Reached skill level 13 in Unarmed Combat
 11394 | Lair:2   | Got an ichor-stained short sword {god gift}
 11651 | Lair:2   | Noticed Seuckyum's ghost (journeyman GnFi)
 11651 | Lair:2   | Noticed Kotami's ghost (journeyman OpFi)
 11652 | Lair:2   | Noticed Junaliek's ghost (journeyman MiFi)
 11804 | Lair:2   | Killed Kotami's ghost
 11820 | Lair:2   | Killed Seuckyum's ghost
 11828 | Lair:2   | Killed Junaliek's ghost
 12083 | Lair:3   | Reached XP level 13. HP: 89/120 MP: 12/12
 12348 | Lair:4   | Reached skill level 14 in Unarmed Combat
 13779 | Lair:5   | Reached skill level 5 in Dodging
 13784 | Lair:5   | Reached skill level 15 in Unarmed Combat
 13859 | Lair:5   | Found a staircase to the Slime Pits.
 13882 | Lair:5   | Reached ****** piety under Trog
 14630 | Lair:6   | Entered Level 6 of the Lair of Beasts
 14656 | Lair:6   | Noticed Snorg
 14674 | Lair:6   | HP: 6/120 [Snorg (4)]
 14675 | Lair:6   | HP: 2/120 [cane toad (5)]
 14675 | Lair:6   | Slain by Snorg

Illustrated notes

Levels and vault maps discovered:
D:1:      dpeg_arrival_fog, layout_loops_cross, hangedman_decor_points
D:2:      layout_loops_ring, chequers_ecumenical_altar_simple_redux
D:3:      layout_basic, grunt_ministairs_10, corexii_item_surrounded_by_moat,
          minmay_misc_feat_iff, serial_bayou_pond_b
D:4:      layout_loops_corners, lemuel_doored_altar,
          nemelex_xobeh_ov_fountains_minmay
D:5:      layout_layer_cave, kennysheep_little_box
D:6:      layout_gridville, basic_altar, uniq_prince_ribbit1,
          uniq_crazy_yiuf_cottage
D:7:      layout_layer_cave, minmay_temple_entry_tees, basic_altar
D:8:      layout_layer_cave, lemuel_coloured_pillars_altar,
          grunt_temple_overflow_open, lair_entry_dummy
D:9:      layout_stronghold, slow_altar_1, gammafunk_ghost_hive, basic_altar,
          nicolae_island_escapes
D:10:     layout_big_octagon, minivault_10, minmay_misc_feat_columns,
          uniq_maggie, uniq_maurice
Lair:1:   layout_long_grid
Lair:2:   layout_roguey [special_room_bee], minmay_shoals_entry_lonely_mermaid,
          minmay_snake_entry_guardpost_small, gammafunk_ghost_cemetery,
          grunt_megastairs_4
Lair:3:   layout_loops_ring, portal_ice_cave_rime, beast_lair_carwin_11
Lair:4:   layout_concentric_octagons
Lair:5:   layout_cave_pods, minmay_slime_entry_oklob_open
Lair:6:   guppyfry_lair_end_dragon, layout_regular_city, wormcave, st_stairs_12,
          lemuel_fruit_fields, uniq_snorg

Skill      XL: |  1  2  3  4  5  6  7  8  9 10 11 12 13 |
---------------+----------------------------------------+-----
Unarmed Combat | 4 5 7 9 11 12 13 15 | 15.2
Shields        | 1 |  1.7
Maces & Flails | 6 8 |  8.7
Fighting       | 3 5 6 |  6.2
Dodging        | 4 5 |  5.3
Armour         | 1 8 10 | 10.7

Action                   |  1- 3 |  4- 6 |  7- 9 | 10-12 | 13-15 || total
-------------------------+-------+-------+-------+-------+-------++-------
Melee: Unarmed           |   143 |    75 |   132 |   537 |   250 ||  1137
       Punch             |       |     2 |    21 |    44 |    29 ||    96
       Mace              |       |       |   215 |    98 |    21 ||   334
Invok: Berserk           |       |       |       |     9 |     1 ||    10
  Use: Scroll            |     1 |     2 |     9 |    13 |     5 ||    30
       Potion            |       |       |     2 |       |       ||     2
 Stab: Sleeping          |       |       |     1 |       |       ||     1
       Petrifying        |       |       |       |       |     1 ||     1
Armor: Animal skin       |    61 |    24 |   195 |    63 |       ||   343
       Skin              |       |       |    36 |       |       ||    36
       Swamp dragon scal |       |       |       |   396 |   260 ||   656
Dodge: Dodged            |    81 |    41 |   223 |   356 |   168 ||   869
Block: Other             |       |    13 |    90 |   173 |    80 ||   356
       Reflection        |       |       |     8 |     4 |       ||    12

Table legend: (Time is in decaauts)
 A = Elapsed time spent in this place.
 B = Non-inter-level travel time spent in this place.
 C = Inter-level travel time spent in this place.
 D = Time resting spent in this place.
 E = Time spent auto-exploring this place.
 F = Levels seen in this place.
 G = Mean time per level.
                   A        B        C        D        E       F      G
               +--------+--------+--------+--------+--------+-----+--------+
         Total |  14601 |  14439 |    162 |   1135 |   8944 |  16 |  912.6 |
       Dungeon |   8563 |   8453 |    110 |    751 |   5254 |  10 |  856.3 |
          Lair |   6037 |   5985 |     52 |    384 |   3689 |   6 | 1006.2 |
               +--------+--------+--------+--------+--------+-----+--------+

Top non-repeatable levels by time:
     D:9: 2056 daAuts
  Lair:5: 1477 daAuts
  Lair:2: 1322 daAuts
     D:7: 1214 daAuts
  Lair:1: 1137 daAuts
  Lair:3: 1095 daAuts
  Lair:4: 962 daAuts
     D:4: 892 daAuts
     D:6: 843 daAuts
     D:3: 812 daAuts
     D:8: 714 daAuts
     D:2: 665 daAuts
     D:1: 569 daAuts
     D:5: 535 daAuts
    D:10: 259 daAuts
